 Dungeon Crawl Stone Soup version 0.25-b1-46-gb8a1ec05df (webtiles) character file.

Game seed: 8698488893985610996

238 Chiseanne the Skirmisher (level 5, -2/44 HPs)
             Began as a Demonspawn Wanderer on June 11, 2020.
             Killed from afar by an orc wizard (7 damage)
             ... with a puff of flame
             ... on level 4 of the Dungeon.
             The game lasted 00:05:19 (1982 turns).

Chiseanne the Skirmisher (Demonspawn Wanderer)      Turns: 1982, Time: 00:05:19

Health: -2/44      AC: 15    Str: 10    XL:     5   Next: 78%
Magic:  5/5        EV: 10    Int: 15    God:
Gold:   116        SH:  0    Dex: 20    Spells: 4/4 levels left

rFire    . . .     SeeInvis .   a - +0 quarterstaff
rCold    + . .     Gourm    .   (shield currently unavailable)
rNeg     . . .     Faith    .   o - +0 scale mail
rPois    .         Spirit   .   (no helmet)
rElec    .         Reflect  .   c - +0 cloak (curse)
rCorr    .         Harm     .   (no gloves)
MR       .....                  m - +0 pair of boots
Stlth    ..........             (no amulet)
HPRegen  0.14/turn              l - +6 ring of dexterity
MPRegen  0.09/turn              (no ring)

@: sanguine armour
A: cold resistance 1, powered by death 1, sanguine armour 1
a: no special abilities


You were on level 4 of the Dungeon.
You were not hungry.

You visited 1 branch of the dungeon, and saw 4 of its levels.

You collected 116 gold pieces.

Inventory:

Hand Weapons
 a - a +0 quarterstaff (weapon)
 q - a +1 dagger of electrocution
Missiles
 g - 5 boomerangs (quivered)
 j - 16 poisoned darts
 k - 27 arrows
Armour
 c - a cursed +0 cloak (worn)
 m - a +0 pair of boots (worn)
 o - a +0 scale mail (worn)
Jewellery
 l - a +6 ring of dexterity (left hand)
Scrolls
 n - a scroll of remove curse
Potions
 b - a potion of lignification
Comestibles
 d - 6 rations
 h - 5 chunks of flesh


   Skills:
 * Level 5.2 Fighting
 - Level 1.0 Short Blades
 - Level 1.0 Staves
 - Level 1.0 Throwing
 * Level 2.8 Armour
 * Level 3.4 Dodging
   Level 1.0 Evocations


You had 4 spell levels left.
You didn't know any spells.
Your spell library was empty.

Dungeon Overview and Level Annotations

Branches:
Dungeon (4/15)
 Temple: D:4-7

Altars:


Innate Abilities, Weirdness & Mutations

Your flesh is cold resistant. (rC+)
You regenerate a little health from kills.
When seriously injured, your bleeding wounds create armour. (AC +6)


Message History

The orc wizard gestures at you while chanting.
You resist with some effort.
You closely miss the orc wizard.
The orc wizard is lightly wounded.
The orc throws a stone.
The stone barely misses you.
The orc wizard hits you but does no damage.
You closely miss the orc wizard.
The orc wizard is lightly wounded.
The orc wizard hits you with a +0 dagger.
* * * LOW HITPOINT WARNING * * *
You hit the orc wizard but do no damage.
The orc wizard is lightly wounded.
The orc wizard barely misses you.
The orc throws a stone.
The stone closely misses you.
Your scale mail prevents you from hitting the orc wizard.
The orc wizard is lightly wounded.
The orc wizard hits you but does no damage.
The orc wizard casts a spell at you. The puff of flame hits you!
You die...

#...# #.# #...# #.# #...#
########.# .
#...#####........#########
#.######................(##.....#
#........................##.....#
.....................#..........#
#.....<........oo.#......##.....#
#.####.#........@.##.#.#.##÷....#
. #.#...#.###.......####.÷####
#.#...#.# #..(...##..##.#
#.......# #####W##......#
#.......# #.##......# #.#......#
#.##.)....# #.#####..#
####..##..#### #. ..# #.....#####
#.# #..(..#


You could see a phantom, an orc wizard and an orc.

Vanquished Creatures
  A howler monkey (D:4)
  A bullfrog zombie (D:3)
  A worker ant (D:4)
  5 adders
  2 oozes (D:1)
  3 worms
  2 dart slugs (D:3)
  3 leopard geckos
  12 orcs (D:3)
  2 giant cockroaches (D:3)
  6 goblins
  5 hobgoblins
  4 jackals (D:4)
  A quokka (D:4)
  8 bats
  A frilled lizard (D:4)
  5 kobolds
  A leopard gecko skeleton (D:4)
  5 rats
68 creatures vanquished.

Notes
Turn   | Place    | Note
-------+----------+-------------------------------------------
     0 | D:1      | Chiseanne the Demonspawn Wanderer began the quest for the
                  | Orb.
     0 | D:1      | Chiseanne set off with the following items: a +0
                  | quarterstaff, a potion of lignification, a +2 leather
                  | armour, a ration
     0 | D:1      | Reached XP level 1. HP: 19/19 MP: 1/1
   319 | D:1      | Gained mutation: You regenerate a little health from kills.
                  | [demonic ancestry]
   319 | D:1      | Reached XP level 2. HP: 19/25 MP: 2/2
   540 | D:1      | Reached skill level 1 in Armour
   636 | D:2      | Gained mutation: Your flesh is cold resistant. (rC+)
                  | [demonic ancestry]
   636 | D:2      | Reached XP level 3. HP: 26/31 MP: 3/3
  1210 | D:3      | Gained mutation: When seriously injured, your bleeding
                  | wounds create armour. (AC +6) [demonic ancestry]
  1210 | D:3      | Reached XP level 4. HP: 35/38 MP: 4/4
  1450 | D:3      | Reached XP level 5. HP: 41/43 MP: 5/5
  1748 | D:3      | Reached skill level 5 in Fighting
  1922 | D:4      | Noticed a phantom
  1960 | D:4      | HP: 2/44 [phantom (6)]
  1982 | D:4      | Killed from afar by an orc wizard

Illustrated notes

Levels and vault maps discovered:
D:1:      psy_arrival_statuary, layout_basic
D:2:      minmay_alternating_diamond, layout_basic, uniq_robin
D:3:      layout_rooms, first_ration, minmay_misc_feat_tiny,
          chequers_serial_rivers_room_a, grunt_ministairs_6
D:4:      layout_loops_cross, eino_small_chamber_without_monster, uniq_duvessa,
          uniq_ijyb

Skill      XL: |  1  2  3  4  5 |
---------------+----------------+-----
Dodging        | 2 3 |  3.4
Armour         | 1 2 |  2.8
Fighting       | 5 |  5.2
Short Blades   | |  1.0
Staves         | |  1.0
Throwing       | |  1.0
Evocations     | |  1.0

Action                   |  1- 3 |  4- 6 || total
-------------------------+-------+-------++-------
Melee: Quarterstaff      |   121 |   151 ||   272
Throw: Boomerang         |       |     8 ||     8
  Use: Scroll            |       |     6 ||     6
  Eat: Chunk             |     1 |     3 ||     4
Armor: Leather armour    |    43 |    13 ||    56
       Scale mail        |       |    89 ||    89
Dodge: Dodged            |   105 |   125 ||   230
